 Dungeon Sprint DCSS version 0.31-a0-1074-g0b22e4e0f1 (webtiles) character file.

Game seed: 15680444564713555555

63872 rocky1 the Djinni Blade (level 15, -5/205 HPs)
             Began as a Djinni Gladiator on Nov 30, 2023.
             Was the Champion of Cheibriados.
             Slain by an iron troll (13 damage)
             ... in the Dungeon (Sprint VII: "The Pits").
             The game lasted 00:21:31 (5652 turns).

rocky1 the Djinni Blade (Djinni Gladiator)          Turns: 5652, Time: 00:21:31

Health: -5/205     AC: 17    Str: 28    XL:     15   Next: 51%
Gold:   49         EV: 32    Int: 27    God:    Cheibriados [******] SH:  5 Dex: 37

rFire   + + .        h - +5 great sword (holy)
rCold   . . .        (shield currently unavailable)
rNeg    + . .        E - +1 scale mail of Divine Intervention {rC+ Int+2}
rPois   ∞            I - +0 helmet of Decompression {Slay+3}
rElec   .            D - +1 cloak of Starlight {*Dazzle EV+4 Stlth--}
rCorr   .            J - +1 pair of gloves
SInv    .            (boots unavailable)
Will    ++...        o - amulet of reflection Stlth
                     y - ring of willpower
HPRegen 0.54/turn    A - ring of positive energy
MPRegen 0.00/turn

%: no teleportation, reflection, infuse magic (-6 HP)
@: berserking, flying, very slow
A: sickness immunity, fire resistance 2, cold vulnerability 1, float, innate
caster, HP casting, extra vitality 1
a: Renounce Religion, Bend Time, Temporal Distortion, Slouch, Step From Time


You were in the Dungeon.
You worshipped Cheibriados.
Cheibriados was exalted by your worship.
You visited 1 branch You collected 49 gold pieces.

Inventory:

Hand Weapons
 a - a +3 scimitar of flaming
 h - a +5 great sword of holy wrath (weapon)
 w - a +2 scimitar of holy wrath
 F - the +8 war axe of Popular Demand {venom, +Blink rPois rN+ Str+2}
   (You found it in the Dungeon)

   Str+2:     It affects your strength (+2).
   rPois:     It protects you from poison rN+: It protects you from negative
   energy.
   +Blink:    It lets you blink.
 H - a +2 great sword of electrocution
 K - a +1 triple sword
Missiles
 d - 2 throwing nets (quivered)
 e - 4 javelins
 g - a silver javelin
 q - 2 curare-tipped darts
 G - 6 boomerangs
Armour
 c - a +0 helmet
 m - a +2 cloak of willpower
 x - a +0 pair of gloves
 D - the +1 cloak of Starlight (worn) {*Dazzle EV+4 Stlth--}
   (You acquired it in the Dungeon)

   *Dazzle:   It may blind those who miss an attack against the wearer in melee
   combat.
   EV+4:      It affects your evasion (+4).
   Stlth--:   It makes you much less stealthy.
 E - the +1 scale mail of Divine Intervention (worn) {rC+ Int+2}
   (You acquired it in the Dungeon)

   Int+2:     It affects your intelligence (+2).
   rC+:       It protects you from cold.
 I - the +0 helmet of Decompression (worn) {Slay+3}
   (You found it in the Dungeon)

   Slay+3:    It affects your accuracy & damage with ranged weapons and melee
   (+3).
 J - a +1 pair of gloves (worn)
Jewellery
 o - an amulet of reflection (around neck)
 r - a +3 ring of protection
 s - a +3 ring of strength
 y - a ring of willpower (left hand)
 A - a ring of positive energy (right hand)
 B - a ring of fire
Wands
 C - a wand of iceblast (5)
Scrolls
 j - 2 scrolls of identify
 l - 2 scrolls of vulnerability
 n - 2 scrolls of enchant armour
 p - 3 scrolls of enchant weapon
 z - a scroll of immolation
Potions
 f - 8 potions of curing
 i - 3 potions of berserk rage
 k - a potion of invisibility
 t - 2 potions of resistance
 u - 2 potions of brilliance
 v - a potion of might


   Skills:
 * Level 22.5 Fighting
 * Level 24.1 Long Blades
 - Level 2.0 Throwing
 + Level 12.9 Armour
 + Level 14.3 Dodging
 - Level 7.3 Stealth
 - Level 1.3 Shields
 - Level 6.9 Spellcasting
 - Level 6.9 Conjurations
 - Level 6.9 Hexes
 - Level 6.9 Summonings
 - Level 6.9 Necromancy
 - Level 6.9 Translocations
 - Level 6.9 Transmutations
 - Level 6.9 Fire Magic
 - Level 6.9 Ice Magic
 - Level 6.9 Air Magic
 - Level 6.9 Earth Magic
 - Level 6.9 Poison Magic
 - Level 12.7 Invocations


You knew the following spells:

 Your Spells              Type           Power      Damage    Failure   Level
a - Magic Dart            Conj           100%       1d8       1%          1
b - Scorch                Fire           94%        2d8       1%          2
c - Momentum Strike       Conj/Tloc      94%        3d10      1%          2
d - Frozen Ramparts       Ice            94%        1d15      1%          3
e - Animate Armour        Summ/Erth      94%        N/A       6%          4
f - Arcjolt               Conj/Air       23%        1d33      17%         5
g - Death Channel         Necr           23%        N/A       67%         6
Your spell library was empty.

Dungeon Overview and Level Annotations

Branches:
Dungeon (1/1)

Altars:
Ashenzari
Cheibriados
Dithmenos
Elyvilon
Fedhas
Gozag
Hepliaklqana
Makhleb
Nemelex Xobeh
Okawaru
Qazlal
Ru
Trog
Uskayaw
Wu Jian
Xom
Yredelemnul
Zin
The Shining One
Jiyva
Lugonu


Innate Abilities, Weirdness & Mutations

You are immune to sickness and miasma.
You are immune to poison.
Your flesh is very heat resistant. (rF++)
You are vulnerable to cold. (rC-)
You float through the air rather than walking.
You learn spells naturally, not from books.
Your magical power is your life essence.
You have superior vitality. (+4 MHP)


Message History

The iron troll completely misses you.
You slice the iron troll!!
The iron troll is heavily wounded.
A deep troll comes into view.
You slash the iron troll!
The iron troll is heavily wounded.
You block the iron troll's attack. The iron troll closely misses you.
The iron troll claws you.
* * * LOW HITPOINT WARNING * * *
The iron troll bites you!
* * * LOW HITPOINT WARNING * * *
The iron troll misses you. The iron troll completely misses you.
A deep troll shaman comes into view.
The deep troll shaman completely misses you. x3
The deep troll shaman shouts!
You hit the iron troll.
The iron troll is severely wounded.
The iron troll completely misses you.
The iron troll claws you but does no damage.
The iron troll claws you.
* * * LOW HITPOINT WARNING * * *
You completely miss the iron troll.
The iron troll is severely wounded.
The deep troll shaman calls upon its god to strengthen the iron troll.
The iron troll seems to grow stronger.
The iron troll bites you.
* * * LOW HITPOINT WARNING * * *
The iron troll claws you but does no damage.
The iron troll closely misses you. You block the iron troll's attack.
The iron troll closely misses you. The iron troll barely misses you.
You cut the iron troll into ribbons!!!
You kill the iron troll!
The deep troll shaman bites you!
* * * LOW HITPOINT WARNING * * *
The deep troll shaman completely misses you.
The deep troll shaman misses you.
Unknown command.
You chop the iron troll into pieces!!!
The iron troll is heavily wounded.
The iron troll bites you!
You die...

### ########## .#.. #..%.%...#
..... #........# #... #.......:#
##....'.T.....!#
......#######.## #.........T).)#
#....TT...T@.)# ..##'#####.#####
#.....#......######++####
.............##..........#
#.....))..)))##..........#
#.....#).[.).)'..#....#..#
#./)?.#...)))')..........# #####
#########).........#
#####################÷)#....#..#


You could see an iron troll (fast), a deep troll and 2 deep troll shamans.

Vanquished Creatures
  Arachne (D)
  A titan (D)
  Aizul (D)
  A balrug (D)
  2 ghost moths (D)
  A cacodemon (D)
  3 orc warlords (D)
  An apis (D)
  A deep elf demonologist (D)
  A vampire knight (D)
  A white draconian (D)
  A green draconian (D)
  Snorg (D)
  2 eidola (D)
  A fire dragon (D)
  2 merfolk javelineers (D)
  2 yaktaur captains (D)
  3 hydras (D)
  An ice dragon (D)
  An anaconda (D)
  A rakshasa (D)
  A hell beast (D)
  3 death knights (D)
  A deep troll shaman (D)
  A death yak (D)
  A two-headed ogre (D)
  A demonic crawler (D)
  A dancing weapon (D)
  3 spriggan berserkers (D)
  2 naga warriors (D)
  2 soul eaters (D)
  A fire crab (D)
  A spriggan (D)
  A deep elf knight (D)
  4 iron trolls (D)
  A sixfirhy (D)
  A shadow wraith (D)
  3 spriggan druids (D)
  4 deep trolls (D)
  2 lindwurms (D)
  A swamp dragon (D)
  11 orc knights (D)
  2 deep elf pyromancers (D)
  A deep elf zephyrmancer (D)
  An orc sorcerer (D)
  A rust devil (D)
  2 guardian serpents (D)
  2 black mambas (D)
  An orange demon (D)
  An eye of devastation (D)
  A gargoyle (D)
  A kobold demonologist (D)
  A large abomination (D)
  An efreet (D)
  A rime drake (D)
  A tormentor (D)
  4 yaktaurs (D)
  2 freezing wraiths (D)
  An ice devil (D)
  2 guardian mummies (D)
  6 merfolk (D)
  A troll (D)
  2 hellwings (D)
  3 glass eyes (D)
  2 hornets (D)
  3 blink frogs (D)
  3 snapping turtles (D)
  12 dream sheep (D)
  A flying skull (D)
  2 wraiths (D)
  Eustachio (D)
  An air elemental (D)
  A ynoxinul (D)
  2 water elementals (D)
  2 shadows (D)
  A wyvern (D)
  2 steam dragons (D)
  A basilisk (D)
  A redback (D)
  4 vampire mosquitoes (D)
  A water moccasin (D)
  A swamp drake (shapeshifter) (D)
  An orc warrior (D)
  2 ogres (D)
  13 wolves (D)
  A phantom (D)
  3 kobold brigands (D)
  A gnoll sergeant (D)
  5 wights (D)
  A hound (D)
  A jelly (D)
  2 orc wizards (D)
  6 gnolls (D)
  An adder (D)
  3 white imps (D)
  3 ufetubi (D)
  A worm (D)
  9 orcs (D)
  A ball python (D)
  A giant cockroach (D)
  A goblin (D)
  8 jackals (D)
  2 kobolds (D)
  A quokka (D)
  A bat (D)
  A giant cockroach simulacrum (D)
  A quokka zombie (D)
224 creatures vanquished.

Vanquished Creatures (others)
  A yaktaur captain (D)
  An orc knight (D)
  An eye of devastation (D)
  A fire elemental (D)
4 creatures vanquished.

Grand Total: 228 creatures vanquished

Notes
Turn   | Place    | Note
-------+----------+-------------------------------------------
     0 | D        | rocky1 the Djinni Gladiator began the quest for the Orb.
     0 | D        | Reached XP level 1. HP: 18/18 MP: 0/0
    18 | D        | Reached skill level 3 in Long Blades
    84 | D        | Found a bloodstained altar of Trog.
    84 | D        | Found a viscous altar of Jiyva.
    84 | D        | Found a hazy altar of Hepliaklqana.
    84 | D        | Found an opulent altar of Gozag.
    85 | D        | Found a glowing golden altar of the Shining One.
    85 | D        | Found a glowing silver altar of Zin.
    85 | D        | Found a basalt altar of Yredelemnul.
    85 | D        | Found a shimmering altar of Xom.
    85 | D        | Found an ornate altar of the Wu Jian Council.
    85 | D        | Found a sacrificial altar of Ru.
    85 | D        | Found a stormy altar of Qazlal.
    85 | D        | Found an iron altar of Okawaru.
    85 | D        | Found a sparkling altar of Nemelex Xobeh.
    85 | D        | Found a burning altar of Makhleb.
    85 | D        | Found a blossoming altar of Fedhas.
    85 | D        | Found a white marble altar of Elyvilon.
    85 | D        | Found a shadowy altar of Dithmenos.
    85 | D        | Found a snail-covered altar of Cheibriados.
    88 | D        | Found a corrupted altar of Lugonu.
    89 | D        | Found a hide-covered altar of Uskayaw.
    89 | D        | Found a broken altar of Ashenzari.
    96 | D        | Became a worshipper of Cheibriados the Contemplative
   136 | D        | Reached XP level 2. HP: 19/24 MP: 0/0
   142 | D        | Reached * piety under Cheibriados
   143 | D        | Reached skill level 1 in Armour
   182 | D        | Reached skill level 4 in Long Blades
   182 | D        | Reached ** piety under Cheibriados
   183 | D        | Reached XP level 3. HP: 20/29 MP: 0/0
   183 | D        | Learned a level 1 spell: Magic Dart
   323 | D        | Noticed a glass eye
   334 | D        | Reached *** piety under Cheibriados
   340 | D        | Reached **** piety under Cheibriados
   345 | D        | Reached skill level 5 in Dodging
   345 | D        | Reached ***** piety under Cheibriados
   360 | D        | Killed a glass eye
   361 | D        | Reached skill level 7 in Long Blades
   361 | D        | Reached XP level 4. HP: 37/37 MP: 0/0
   361 | D        | Reached XP level 5. HP: 41/41 MP: 0/0
   361 | D        | Learned a level 2 spell: Scorch
   361 | D        | Reached XP level 6. HP: 47/47 MP: 0/0
   426 | D        | Noticed a water moccasin
   433 | D        | Killed a water moccasin
   434 | D        | Reached skill level 5 in Fighting
   434 | D        | Reached skill level 8 in Long Blades
   441 | D        | Reached ****** piety under Cheibriados
   451 | D        | Reached skill level 1 in Stealth
   451 | D        | Reached skill level 5 in Invocations
   451 | D        | Reached XP level 7. HP: 47/54 MP: 0/0
   451 | D        | Learned a level 2 spell: Momentum Strike
   473 | D        | Noticed a two-headed ogre
   478 | D        | Killed a two-headed ogre
   479 | D        | Reached skill level 10 in Long Blades
   479 | D        | Reached skill level 5 in Armour
   479 | D        | Reached XP level 8. HP: 34/64 MP: 0/0
   851 | D        | Noticed a flying skull
   851 | D        | Noticed a wraith
   853 | D        | Killed a flying skull
   858 | D        | Killed a wraith
   859 | D        | Reached skill level 11 in Long Blades
   863 | D        | Reached XP level 9. HP: 64/71 MP: 0/0
   863 | D        | Learned a level 3 spell: Frozen Ramparts
  1145 | D        | Noticed a hellwing
  1152 | D        | Killed a hellwing
  1267 | D        | Noticed a demonic crawler
  1281 | D        | Killed a demonic crawler
  1282 | D        | Reached skill level 12 in Long Blades
  1544 | D        | Noticed a black mamba
  1548 | D        | Killed a black mamba
  1549 | D        | Reached skill level 10 in Fighting
  1549 | D        | Reached XP level 10. HP: 80/80 MP: 0/0
  1702 | D        | Noticed a freezing wraith
  1716 | D        | Killed a freezing wraith
  1782 | D        | Killed a shadow wraith
  1783 | D        | Reached skill level 5 in Stealth
  1949 | D        | Reached skill level 13 in Long Blades
  1954 | D        | Noticed an efreet
  1954 | D        | Noticed an eye of devastation
  1954 | D        | Noticed Eustachio
  1955 | D        | Noticed a fire crab
  1956 | D        | Noticed a lindwurm
  1959 | D        | Killed an efreet
  1960 | D        | Reached skill level 5 in Spellcasting
  1960 | D        | Reached skill level 5 in Conjurations
  1960 | D        | Reached skill level 5 in Hexes
  1960 | D        | Reached skill level 5 in Summonings
  1960 | D        | Reached skill level 5 in Necromancy
  1960 | D        | Reached skill level 5 in Translocations
  1960 | D        | Reached skill level 5 in Transmutations
  1960 | D        | Reached skill level 5 in Fire Magic
  1960 | D        | Reached skill level 5 in Ice Magic
  1960 | D        | Reached skill level 5 in Air Magic
  1960 | D        | Reached skill level 5 in Earth Magic
  1960 | D        | Reached skill level 5 in Poison Magic
  1960 | D        | Killed Eustachio
  1960 | D        | Killed a fire crab
  1961 | D        | Reached skill level 10 in Invocations
  1961 | D        | Reached XP level 11. HP: 74/89 MP: 0/0
  1961 | D        | Learned a level 4 spell: Animate Armour
  1965 | D        | Killed a lindwurm
  2217 | D        | Reached skill level 14 in Long Blades
  2260 | D        | Reached XP level 12. HP: 83/98 MP: 0/0
  2309 | D        | Noticed a merfolk javelineer
  2316 | D        | Killed a merfolk javelineer
  2668 | D        | Acquired the +1 cloak of Starlight {*Dazzle EV+4 Stlth--}
  2668 | D        | Found the +1 cloak of Starlight {*Dazzle EV+4 Stlth--}
  2675 | D        | Acquired the +1 scale mail of Divine Intervention {rC+
                  | Int+2}
  2690 | D        | Acquired a +5 great sword of holy wrath
  2746 | D        | Noticed an eight-headed hydra
  2749 | D        | Reached skill level 15 in Long Blades
  2754 | D        | Killed a five-headed hydra
  2755 | D        | Reached skill level 10 in Dodging
  2771 | D        | Noticed a vampire knight
  2777 | D        | Killed a vampire knight
  2808 | D        | Reached skill level 16 in Long Blades
  2895 | D        | Noticed a death yak
  2904 | D        | Killed a death yak
  2926 | D        | Identified the serpent talisman of the Sea {rElec Str+3
                  | Dex-3}
  2926 | D        | Noticed Aizul
  2934 | D        | Killed Aizul
  2940 | D        | Reached skill level 15 in Fighting
  3123 | D        | Noticed an anaconda
  3123 | D        | Noticed an iron troll
  3123 | D        | Noticed a death knight
  3123 | D        | Noticed a spriggan druid
  3123 | D        | Noticed a sixfirhy
  3123 | D        | Noticed a spriggan rider
  3124 | D        | Killed a sixfirhy
  3125 | D        | Reached skill level 17 in Long Blades
  3125 | D        | Killed an anaconda
  3125 | D        | Killed a spriggan druid
  3126 | D        | Reached XP level 13. HP: 98/108 MP: 0/0
  3126 | D        | Learned a level 5 spell: Arcjolt
  3129 | D        | Reached skill level 18 in Long Blades
  3130 | D        | Killed a ghost moth
  3131 | D        | Noticed a six-headed hydra
  3141 | D        | Killed a two-headed hydra
  3173 | D        | Got the +8 war axe of Popular Demand {venom, +Blink rPois
                  | rN+ Str+2}
  3252 | D        | Noticed a six-headed hydra
  3257 | D        | Killed a three-headed hydra
  3258 | D        | Reached skill level 19 in Long Blades
  3258 | D        | Reached skill level 10 in Armour
  3278 | D        | Identified the staff of Annihilation {rC+ Str-2 Conj Summ}
  3278 | D        | Noticed a deep elf demonologist
  3283 | D        | Killed a deep elf demonologist
  3318 | D        | Noticed an eidolon
  3320 | D        | Killed an eidolon
  3321 | D        | Reached skill level 20 in Long Blades
  3380 | D        | Identified the staff of Jiom {rPois rF+ rC+ Conj}
  3407 | D        | Noticed a balrug
  3409 | D        | Killed a balrug
  3684 | D        | Noticed Arachne
  3690 | D        | Noticed a merfolk javelineer
  3693 | D        | Killed Arachne
  3696 | D        | Reached XP level 14. HP: 49/119 MP: 0/0
  3697 | D        | Reached skill level 21 in Long Blades
  3922 | D        | Noticed an orc warlord
  3922 | D        | Noticed an orc warlord
  3935 | D        | Killed an orc warlord
  4107 | D        | Killed an orc warlord
  4124 | D        | Reached skill level 22 in Long Blades
  4177 | D        | HP: 5/123 [constriction (5)]
  4533 | D        | Found the +15 Maxwell's patent armour {-Cast -Tele rElec
                  | Will+ rCorr}
  4566 | D        | Got the +0 helmet of Decompression {Slay+3}
  4776 | D        | Killed a ghost moth
  4777 | D        | Noticed an apis
  4787 | D        | Reached skill level 1 in Shields
  4793 | D        | Killed an apis
  4794 | D        | Reached skill level 23 in Long Blades
  4835 | D        | Reached XP level 15. HP: 70/131 MP: 0/0
  4835 | D        | Learned a level 6 spell: Death Channel
  5122 | D        | Noticed Snorg
  5131 | D        | HP: 6/132 [Snorg (24)]
  5133 | D        | Killed Snorg
  5309 | D        | Noticed a titan
  5314 | D        | Killed a titan
  5366 | D        | Noticed an orc warlord
  5368 | D        | Identified the +2 ring mail "Aczijairr" {rPois Stlth+}
  5374 | D        | Killed an orc warlord
  5548 | D        | Noticed a cacodemon
  5554 | D        | Killed a cacodemon
  5559 | D        | Reached skill level 24 in Long Blades
  5651 | D        | HP: 7/205 [deep troll shaman (8)]
  5652 | D        | Slain by an iron troll

Illustrated notes

Levels and vault maps discovered:
D:        pitsprint [storerooms_1, entrance_room_1, metal_vault_6, armoury_1,
          mini_pit_1, grid_room_1, main_hall_1, silver_pit, the_coven_3,
          the_vestibule_1, steel_vault_3, golden_pit, hallway_of_sentries,
          crystal_vault_4, iron_vault_4, final_vault]

Skill      XL: |  1  2  3  4  5  6  7  8  9 10 11 12 13 14 15 |
---------------+----------------------------------------------+-----
Long Blades    | 3 4 7 8 10 11 12 13 14 17 20 23 24 | 24.1
Dodging        | 4 6 7 8 9 10 11 13 14 | 14.3
Armour         | 1 3 4 5 6 7 8 9 10 12 | 12.9
Throwing       | 2 |  2.0
Fighting       | 4 5 7 8 10 12 13 15 17 20 22 | 22.5
Spellcasting   | 2 3 5 6 |  6.9
Conjurations   | 2 3 5 6 |  6.9
Hexes          | 2 3 5 6 |  6.9
Summonings     | 2 3 5 6 |  6.9
Necromancy     | 2 3 5 6 |  6.9
Translocations | 2 3 5 6 |  6.9
Transmutations | 2 3 5 6 |  6.9
Fire Magic     | 2 3 5 6 |  6.9
Ice Magic      | 2 3 5 6 |  6.9
Air Magic      | 2 3 5 6 |  6.9
Earth Magic    | 2 3 5 6 |  6.9
Poison Magic   | 2 3 5 6 |  6.9
Invocations    | 4 5 6 7 8 10 12 | 12.7
Stealth        | 1 2 3 4 6 7 |  7.3
Shields        | 1 |  1.3

Action                     |  1- 3 |  4- 6 |  7- 9 | 10-12 | 13-15 || total
---------------------------+-------+-------+-------+-------+-------++-------
  Melee: Long sword        |    55 |    18 |    25 |       |       ||    98
         Punch             |     1 |       |     4 |     2 |       ||     7
         Scimitar          |       |       |    31 |    87 |     8 ||   126
         Great sword       |       |       |       |    42 |   236 ||   278
  Throw: Throwing net      |       |       |     1 |     2 |       ||     3
   Cast: Frozen Ramparts   |       |       |       |     1 |       ||     1
 Invoke: Slouch            |       |       |     2 |    12 |    22 ||    36
    Use: Scroll            |       |       |       |     5 |     4 ||     9
         Potion            |       |       |       |     4 |    15 ||    19
   Stab: Sleeping          |       |       |     2 |     2 |       ||     4
         Held in net/web   |       |       |     3 |     1 |       ||     4
         Invisible         |       |       |       |     4 |    12 ||    16
         Distracted        |       |       |       |       |     3 ||     3
 Armour: Leather armour    |    29 |       |       |       |       ||    29
         Ring mail         |       |     9 |    37 |    40 |       ||    86
         Scale mail        |       |       |       |    21 |   116 ||   137
  Dodge: Dodged            |    67 |    10 |    47 |   149 |   288 ||   561
  Block: Other             |       |       |       |       |    26 ||    26
         Reflection        |       |       |       |       |     2 ||     2

Table legend: (Time is in decaauts)
 A = Elapsed time spent in this place.
 B = Non-inter-level travel time spent in this place.
 C = Inter-level travel time spent in this place.
 D = Time resting spent in this place.
 E = Time spent auto-exploring this place.
 F = Levels seen in this place.
 G = Mean time per level.
                   A        B        C        D        E       F      G
               +--------+--------+--------+--------+--------+-----+--------+
         Total |   6756 |   6568 |    188 |   3619 |      0 |   1 | 6756.0 |
       Dungeon |   6756 |   6568 |    188 |   3619 |      0 |   1 | 6756.0 |
               +--------+--------+--------+--------+--------+-----+--------+

Top non-repeatable levels by time:
       D: 6756 daAuts
